 Dungeon Crawl Stone Soup version 0.14.0-17-gc0b17a5 (webtiles) character file.

1329 Gravenous the Chiller (level 8, 0/46 HPs)
             Began as a High Elf Ice Elementalist on Apr 19, 2014.
             Was an Initiate of Fedhas.
             Slain by an orc warrior
             ... wielding a +0,+0 hand axe
              (15 damage)
             ... on Level 5 of the Dungeon.
             The game lasted 00:15:28 (4757 turns).

Gravenous the Chiller (High Elf Ice Elementalist)   Turns: 4757, Time: 00:15:28

HP   0/46        AC 11     Str  8      XL: 8   Next: 17%
MP  10/23        EV 12     Int 21      God: Fedhas [......]
Gold 160         SH  0     Dex 15      Spells:  3 memorised, 11 levels left

rFire  . . .     SeeInvis .     x - +1,+3 short sword (protect)
rCold  . . .     Clarity  .     a - +0 robe
rNeg   . . .     Conserve .     (no shield)
rPois  +         rCorr    .     (helmet restricted)
rElec  .         rRot     .     (no cloak)
SustAb . .       Spirit   .     (no gloves)
rMut   .         Warding  .     (no boots)
Saprov . . .     Stasis   .     (no amulet)
MR     .....                    B - ring of poison resistance
                                d - +3 ring of protection

@: very slightly contaminated, not resistant to hostile enchantments, fairly
stealthy
A: antennae 1, icy blue scales 1
a: Renounce Religion


You were on level 5 of the Dungeon.
You worshipped Fedhas.
Fedhas was noncommittal.
You were very hungry.

You visited 1 branch of the dungeon, and saw 5 of its levels.

You collected 160 gold pieces.

Inventory:

Hand weapons
 i - a +0,+0 dagger
 x - a +1,+3 short sword of protection (weapon)
Armour
 a - a +0 robe (worn)
Comestibles
 c - 5 bread rations
 f - an apple
 s - a choko
 v - 3 meat rations
Scrolls
 e - 7 scrolls of remove curse
 m - 3 scrolls of identify
 r - a scroll of immolation
Jewellery
 d - a +3 ring of protection (left hand)
 g - a +2 ring of intelligence
 y - a +3 ring of strength
 B - a ring of poison resistance (right hand)
Potions
 l - a potion of flight
 n - a potion of invisibility {unknown}
 o - 5 potions of curing
Books
 b - a book of Frost

   Spells                             Type                      Level
   *Freeze                            Ice                          1
   *Throw Frost                       Conjuration/Ice              2
   Ozocubu's Armour                   Charms/Ice                   3
   *Throw Icicle                      Conjuration/Ice              4
   Summon Ice Beast                   Ice/Summoning                4
   Condensation Shield                Ice                          4


   Skills:
 - Level 2.1 Dodging
 - Level 2.1 Stealth
 + Level 5.5 Spellcasting
 * Level 6.3 Conjurations
 * Level 7.0 Ice Magic


You had 11 spell levels left.
You knew the following spells:

 Your Spells              Type           Power        Failure   Level  Hunger
a - Freeze                Ice            ####         1%          1    None
b - Throw Frost           Conj/Ice       ####..       1%          2    None
c - Throw Icicle          Conj/Ice       ####....     8%          4    ####...


Dungeon Overview and Level Annotations

Branches:
Dungeon (5/15)
 Temple: D:4-7

Altars:
Fedhas
Nemelex Xobeh
The Shining One

Shops:
D:4 *


Innate Abilities, Weirdness & Mutations

You have a pair of small antennae on your head.
You are partially covered in icy blue scales (AC +1).


Message History

Aim: an orc priest, wielding a whip (severely wounded)
The shard of ice hits the orc priest.
You kill the orc priest!
The orc wizard gestures at you while chanting.
The magic dart hits you!
Read which item? (? for menu, Esc to quit)
Okay, then.
The orc wizard points at you and mumbles some strange words.
You easily resist.
The orc wizard points at you and mumbles some strange words.
The magic dart hits you!
* * * LOW HITPOINT WARNING * * *
The orc warrior misses you.
The orc wizard gestures wildly while chanting.
The orc wizard blinks!
The orc wizard casts a spell at you. The magic dart hits you!
The orc warrior hits you with a hand axe!
You die...
Fedhas appreciates your contribution to the ecosystem.

###...###...#### ####..
#..............## #....
#...>...........##### #....
#...............#...#####....
####.......o........##.......
###..............#........
######...o.o{................
#........#####...............
#####........<..@o...>...........
#................................
#.....)..........................
#................................
#..............).................
#......##..<.#####......#........
###....###...# #.......###......
##...##...## ##.......#####%...
#...##...# #....####.........


You could see an orc warrior.

Vanquished Creatures
  The ghost of Gravenous the Chiller, an average DEIE (D:4)
  A sky beast (D:3)
  A black bear (D:5)
  An ogre (D:2)
  A phantom (D:5)
  A centaur (D:5)
  A giant frog (D:5)
  5 wights (D:5)
  An orc priest (D:5)
  2 orc wizards (D:3)
  2 worker ants
  8 adders
  A giant mite (D:5)
  A worm (D:5)
  11 giant geckos
  2 oozes
  13 orcs
  4 ball pythons
  12 goblins
  8 hobgoblins
  11 kobolds
  3 quokkas
  10 bats
  2 giant cockroaches
  5 giant newts
  13 rats
121 creatures vanquished.

Vanquished Creatures (others)
  A toadstool (D:5)
1 creature vanquished.

Grand Total: 122 creatures vanquished

Notes
Turn   | Place    | Note
--------------------------------------------------------------
     0 | D:1      | Gravenous, the High Elf Ice Elementalist, began the quest for the Orb.
     0 | D:1      | Reached XP level 1. HP: 11/11 MP: 4/4
   121 | D:1      | Reached XP level 2. HP: 15/17 MP: 0/6
   506 | D:1      | Reached XP level 3. HP: 18/21 MP: 5/9
   627 | D:2      | Found a glowing golden altar of the Shining One.
   640 | D:2      | Reached skill level 4 in Ice Magic
   644 | D:2      | Learned a level 2 spell: Throw Frost
  1169 | D:2      | Reached XP level 4. HP: 27/27 MP: 10/12
  1305 | D:2      | Noticed an ogre
  1553 | D:2      | Killed an ogre
  1553 | D:2      | Reached XP level 5. HP: 31/31 MP: 2/14
  2198 | D:3      | Noticed a sky beast
  2208 | D:3      | Killed a sky beast
  2208 | D:3      | Reached skill level 5 in Ice Magic
  2208 | D:3      | Reached XP level 6. HP: 36/36 MP: 3/18
  2650 | D:3      | Found a sparkling altar of Nemelex Xobeh.
  2651 | D:3      | Noticed an ice beast
  2660 | D:3      | Learned a level 4 spell: Throw Icicle
  2870 | D:3      | Gained mutation: You are partially covered in icy blue scales (AC +1). [potion of mutation]
  2870 | D:3      | Gained mutation: You have a pair of small antennae on your head. [potion of mutation]
  2945 | D:4      | Found Emist's General Store.
  2951 | D:4      | Noticed Gravenous' ghost (average DEIE)
  2959 | D:4      | Killed Gravenous' ghost
  2959 | D:4      | Reached XP level 7. HP: 38/41 MP: 0/20
  3615 | D:5      | Entered Level 5 of the Dungeon
  3706 | D:5      | Reached skill level 6 in Ice Magic
  3725 | D:5      | Reached skill level 5 in Conjurations
  4051 | D:5      | Reached skill level 5 in Spellcasting
  4348 | D:5      | Found a blossoming altar of Fedhas.
  4358 | D:5      | Became a worshipper of Fedhas Madash
  4380 | D:5      | Reached XP level 8. HP: 46/46 MP: 7/23
  4424 | D:5      | Reached skill level 7 in Ice Magic
  4757 | D:5      | Slain by an orc warrior

Action                   |  1- 3 |  4- 6 |  7- 9 || total
-------------------------+-------+-------+-------++-------
Melee: Unarmed           |     2 |       |       ||     2
       Dagger            |    15 |     4 |       ||    19
       Short sword       |       |    17 |    51 ||    68
 Cast: Freeze            |    54 |    59 |    26 ||   139
       Throw Frost       |       |    34 |     6 ||    40
       Throw Icicle      |       |     2 |    28 ||    30
  Use: Potion            |       |    10 |     1 ||    11
       Scroll            |       |     8 |     3 ||    11
 Stab: Sleeping          |       |     2 |     1 ||     3
